 Dungeon Crawl Stone Soup version 0.29-a0-994-gc5c9f59d18 (webtiles) character file.

Game seed: 7090067196009245407

402812 Ajdolov the Warrior (level 23, 0/213 HPs)
             Began as a Ghoul Abyssal Knight on Aug 3, 2022.
             Was the Champion of Lugonu.
             Slain by Mennas
             ... wielding a +3 sacred scourge of holy wrath
              (11 damage)
             ... on level 4 of the Depths.
             The game lasted 02:23:04 (66303 turns).

Ajdolov the Warrior (Ghoul Abyssal Knight)         Turns: 66303, Time: 02:23:04

Health: 0/213      AC: 40    Str: 28    XL:     23   Next: 34%
Magic:  33/33      EV: 11    Int:  5    God:    Lugonu [******]
Gold:   1322       SH: 18    Dex: 11    Spells: 22/22 levels left

rFire   + . .      SeeInvis .   a - +7 demon trident "Iser" {vamp, Dex+2}
rCold   + . .      Faith    .   l - +0 kite shield {AC+3}
rNeg    + + +      Spirit   .   D - +3 plate armour {rF+}
rPois   ∞          Reflect  +   F - +2 helmet
rElec   .          Harm     .   t - +2 cloak {rCorr}
rCorr   +          Rampage  .   E - +3 pair of gauntlets of War {Slay+5}
Will    +++..                   I - +2 pair of boots
Stlth   ..........              d - amulet of reflection
HPRegen 0.00/turn               f - ring of willpower
MPRegen 0.23/turn               U - ring of willpower

@: mighty, inhibited regen, hasted, glowing, studying 2 skills, silenced, very
quick
A: claws 1, cold resistance 1, negative energy resistance 3, inhibited
regeneration, torment resistance 2, devour on kill
}: 2/15 runes: decaying, gossamer
a: Renounce Religion


You were on level 4 of the Depths.
You worshipped Lugonu.
Lugonu was exalted by your worship.
You visited 7 branches of the dungeon, and saw 38 of its levels.
You visited the Abyss 2 times.
You visited 1 bazaar.
You also visited: Bailey.

You collected 4867 gold pieces.
You spent 3545 gold pieces at shops.

Inventory:

Hand Weapons
 a - the +7 demon trident "Iser" (weapon) {vamp, Dex+2}
   (You acquired it on level 15 of the Dungeon)

   It occasionally heals its wielder for a portion of the damage dealt when it
   wounds a living foe.
   Dex:       It affects your dexterity (+2).
 b - a +9 demon trident of distortion
 Q - a +0 vorpal bardiche
Missiles
 i - 16 javelins
 n - 5 silver boomerangs
 r - 3 boomerangs of dispersal
 x - 4 curare-tipped darts
 z - 2 throwing nets
 W - 14 boomerangs (quivered)
Armour
 l - a +0 kite shield of protection (worn)
 t - a +2 cloak of preservation (worn)
 D - a +3 plate armour of fire resistance (worn)
 E - the +3 pair of gauntlets of War (worn) {Slay+5}
   (You bought it in a shop on level 2 of the Orcish Mines)

   Slay:      It affects your accuracy & damage with ranged weapons and melee
   (+5).
 F - a +2 helmet (worn)
 I - a +2 pair of boots (worn)
Jewellery
 d - an amulet of reflection (around neck)
 f - a ring of willpower (left hand)
 s - a ring of protection from cold
 T - a ring of see invisible
 U - a ring of willpower (right hand)
Wands
 o - a wand of charming (23)
 q - a wand of iceblast (11)
 G - a wand of digging (8)
 L - a wand of polymorph (40)
 M - a wand of mindburst (31)
 V - a wand of acid (12)
Scrolls
 c - 10 scrolls of teleportation
 e - 9 scrolls of enchant weapon
 j - 15 scrolls of enchant armour
 k - 2 scrolls of fog
 m - 5 scrolls of poison
 u - 5 scrolls of fear
 H - a scroll of summoning
 J - 10 scrolls of magic mapping
 N - 4 scrolls of brand weapon
 P - 2 scrolls of torment
 X - 4 scrolls of silence
 Y - a scroll of blinking
 Z - 2 scrolls of amnesia
Potions
 g - 7 potions of ambrosia
 h - 3 potions of flight
 p - 4 potions of haste
 w - 6 potions of resistance
 A - 10 potions of curing
 B - 6 potions of invisibility
 C - 2 potions of might
 R - 5 potions of cancellation
 S - 5 potions of attraction
Miscellaneous
 v - a tin of tremorstones (2/2)
 y - a phial of floods
 K - a lightning rod (4/4)
 O - a phantom mirror (inert)


   Skills:
 * Level 19.1 Fighting
 - Level 14.0 Polearms
 - Level 16.0 Throwing
 * Level 18.0 Armour
 - Level 10.0 Dodging
 - Level 15.0 Shields
 - Level 15.0 Invocations
 - Level 10.0 Evocations


You had 22 spell levels left.
You didn't know any spells.
Your spell library contained the following spells:

 Spells                   Type           Power      Damage    Failure   Level
 Apportation              Tloc           0%         N/A       99%         1
 Foxfire                  Conj/Fire      0%         2x1d4     99%         1
 Magic Dart               Conj           0%         1d3       99%         1
 Necrotise                Necr           0%         1d4       99%         1
 Shock                    Conj/Air       0%         1d3       99%         1
 Summon Small Mammal      Summ           0%         N/A       99%         1
 Call Imp                 Summ           0%         N/A       100%        2
 Ensorcelled Hibernation  Hex/Ice        0%         N/A       100%        2
 Passwall                 Tmut/Erth      0%         N/A       100%        2
 Poisonous Vapours        Pois/Air       0%         N/A       100%        2
 Static Discharge         Conj/Air       0%         3-3/arc   100%        2
 Call Canine Familiar     Summ           0%         N/A       100%        3
 Conjure Flame            Conj/Fire      0%         6-21      100%        3
 Dazzling Flash           Conj/Hex       0%         N/A       100%        3
 Frozen Ramparts          Ice            0%         1d8       100%        3
 Inner Flame              Hex/Fire       0%         N/A       100%        3
 Mephitic Cloud           Conj/Pois/Air  0%         N/A       100%        3
 Ozocubu's Armour         Ice            0%         N/A       100%        3
 Portal Projectile        Hex/Tloc       0%         N/A       100%        3
 Stone Arrow              Conj/Erth      0%         3d7       100%        3
 Swiftness                Air            0%         N/A       100%        3
 Airstrike                Air            0%         2d(0-16)  100%        4
 Anguish                  Hex/Necr       0%         N/A       100%        4
 Animate Armour           Summ/Erth      0%         N/A       100%        4
 Corpse Rot               Necr/Pois/Air  0%         N/A       100%        4
 Dispel Undead            Necr           0%         3d6       100%        4
 Flame Wave               Conj/Fire      0%         2d4       100%        4
 Fulminant Prism          Conj/Hex       0%         3d6       100%        4
 Hailstorm                Conj/Ice       0%         3d3       100%        4
 Iskenderun's Mystic Bla  Conj/Tloc      0%         2d3       100%        4
 Leda's Liquefaction      Hex/Erth       0%         N/A       100%        4
 Passage of Golubria      Tloc           0%         N/A       100%        4
 Petrify                  Tmut/Erth      0%         N/A       100%        4
 Sticky Flame             Conj/Fire      0%         2d3       100%        4
 Summon Ice Beast         Ice/Summ       0%         N/A       100%        4
 Summon Lightning Spire   Summ/Air       0%         N/A       100%        4
 Agony                    Necr           0%         N/A       100%        5
 Alistair's Intoxication  Tmut/Pois      0%         N/A       100%        5
 Freezing Cloud           Conj/Ice/Air   0%         6-21      100%        5
 Irradiate                Conj/Tmut      0%         3d11      100%        5
 Lee's Rapid Deconstruct  Erth           0%         3d5*      100%        5
 Lightning Bolt           Conj/Air       0%         1d11      100%        5
 Silence                  Hex/Air        0%         N/A       100%        5
 Conjure Ball Lightning   Conj/Air       0%         3x3d6     100%        6
 Death Channel            Necr           0%         N/A       100%        6
 Eringya's Noxious Bog    Tmut/Pois      0%         N/A       100%        6
 Iron Shot                Conj/Erth      0%         9d1       100%        6
 Simulacrum               Ice/Necr       0%         N/A       100%        6
 Ozocubu's Refrigeration  Ice            0%         4d7       100%        7
 Discord                  Hex            0%         N/A       100%        8
 Disjunction              Tloc           0%         N/A       100%        8
 Lehudib's Crystal Spear  Conj/Erth      0%         10d2      100%        8
 Maxwell's Capacitive Co  Air            0%         ∞         100%        8
 Chain Lightning          Conj/Air       0%         N/A       100%        9
 Fire Storm               Conj/Fire      0%         5d1       100%        9
 Shatter                  Erth           0%         3d5*      100%        9
 Sublimation of Blood     Necr           Unusable   N/A       N/A         2
 Spider Form              Tmut/Pois      Unusable   N/A       N/A         3
 Ice Form                 Ice/Tmut       Unusable   N/A       N/A         4
 Blade Hands              Tmut           Unusable   N/A       N/A         5
 Death's Door             Necr           Unusable   N/A       N/A         9

Dungeon Overview and Level Annotations

Branches:
Dungeon (15/15)            Temple (0/1) D:5            Lair (5/5) D:9
  Swamp (4/4) Lair:3       Spider (4/4) Lair:2        Slime (0/5) Lair:4
    Orc (2/2) D:9             Elf (0/3) Orc:2        Vaults (4/5) D:14
  Crypt (0/3) Vaults:3     Depths (4/4) D:15            Zot (0/5) Depths:4
 Bailey (visited)

Altars:
Dithmenos
Gozag
Kikubaaqudgha
Nemelex Xobeh
Ru
Trog
Vehumet
Wu Jian
Yredelemnul
Jiyva
Lugonu

Shops:
D:6 *   D:14 (   Orc:2 [:*(   Vaults:1 =   Vaults:3 :*   Vaults:4 =
Depths:2 ==:   Depths:4 (=!

Portals:
Hell: Depths:1 Depths:3
Abyss: Depths:3
Ziggurat: Depths:1

Annotations:
D:6 2 transporters
Swamp:2 corrupted
Swamp:3 2 transporters, megamayne420's ghost, journeyman HOMo
Spider:1 2 transporters, tensugalgo's ghost, adept DjHW
Spider:4 exclusion: 3 doors
Depths:2 corrupted
Depths:4 Mennas


Innate Abilities, Weirdness & Mutations

You are immune to poison.
You have sharp fingernails.
Your flesh is cold resistant. (rC+)
You are immune to negative energy. (rN+++)
You do not regenerate when monsters are visible.
You are immune to unholy pain and torment.
You thrive by killing the living.


Message History

Mennas is almost dead.
Mennas hits you with a +3 sacred scourge of holy wrath!!
* * * LOW HITPOINT WARNING * * *
You convulse!!
* * * LOW HITPOINT WARNING * * *
You block Mennas's attack.
You feel yourself speed up. Mennas hits you but does no damage. x2
Mennas barely misses you.
Mennas hits you with a +3 sacred scourge of holy wrath.
* * * LOW HITPOINT WARNING * * *
You convulse.
* * * LOW HITPOINT WARNING * * *
Unknown command.
Mennas blocks your attack.
Mennas is almost dead.
Mennas hits you but does no damage. Mennas closely misses you.
Mennas blocks your attack.
Mennas is almost dead.
Mennas attacks as you move away! Mennas barely misses you.
You block Mennas's attack.
You feel better. You block Mennas's attack. Mennas completely misses you.
Mennas blocks your attack.
Mennas is almost dead.
You block Mennas's attack. x2
Mennas blocks your attack.
Mennas is almost dead.
Mennas blocks your attack.
Mennas is almost dead.
You block Mennas's attack.
Mennas hits you with a +3 sacred scourge of holy wrath!
* * * LOW HITPOINT WARNING * * *
You convulse.
* * * LOW HITPOINT WARNING * * *
Mennas blocks your attack.
Mennas is almost dead.
Mennas hits you but does no damage.
Mennas hits you with a +3 sacred scourge of holy wrath!
* * * LOW HITPOINT WARNING * * *
You convulse!
You die...

#..# #..#
#..# #..#
#..#
#######..#
.........#
########A#
#@.# #.##
##.# #..#
#.## ##.#
#..#
#########.##
..........#


You could see Mennas (silencing).

Vanquished Creatures
  Vv (Depths:2)
  Boris (Depths:4)
  A Tzitzimitl (Depths:3)
  Nikola (Vaults:2)
  2 bone dragons
  Arachne (Spider:3)
  A walking crystal tome (Depths:2)
  Jorgrun (D:12)
  3 tentacled monstrosities
  A walking earthen tome (Depths:1)
  Asterion (Vaults:2)
  2 titans
  A lich (Depths:2)
  A walking divine tome (D:15)
  A walking frostbound tome (Depths:1)
  7 sphinxes
  A shadow dragon (Depths:4)
  3 Executioners (Depths:3)
  A tengu reaver (Depths:1)
  Kirke (D:12)
  3 thorn hunters (Swamp:4)
  A draconian knight (Depths:4)
  2 storm dragons
  3 fenstrider witches
  4 fire giants
  A deep elf sorcerer (Vaults:3)
  11 vault wardens
  2 frost giants
  4 ghost moths
  A draconian shifter (Depths:4)
  A spectral caustic shrike (Depths:3)
  A ghoul (Swamp:4)
  2 orc warlords
  2 emperor scorpions
  19 very ugly things
  11 ironbound preservers
  2 war gargoyles (Vaults:4)
  5 ironbound thunderhulks
  Louise (Swamp:3)
  A broodmother (Spider:3)
  A reaper (Depths:3)
  A juggernaut skeleton (Abyss:1)
  3 stone giants
  A black draconian (Depths:4)
  3 eleionomae
  Nessos (D:15)
  5 bunyips
  6 spark wasps
  Snorg (D:14)
  2 white draconians (Depths:4)
  4 entropy weavers
  9 dire elephants
  4 deep elf death magi
  Josephine (D:13)
  2 blizzard demons
  5 great orbs of eyes
  8 fire dragons
  4 shambling mangroves
  3 ettins (Depths:4)
  A spectral spriggan (Depths:3)
  12 yaktaur captains
  A spectral tengu (Depths:3)
  6 ironbound frosthearts
  4 ice dragons
  4 ghost crabs
  4 catoblepae
  8 vault guards
  A radroach (Spider:4)
  A spriggan zombie (Depths:3)
  3 rakshasas (Depths:2)
  14 hydras
  3 ogre magi
  8 boulder beetles
  A peacekeeper (Vaults:4)
  5 spriggan air magi
  6 jorogumos
  A caustic shrike simulacrum (Depths:3)
  2 spriggan skeletons
  6 deep troll shamans
  5 alligators
  8 tengu warriors
  13 centaur warriors
  5 two-headed ogres
  3 deep troll earth magi
  6 death yaks (Lair:5)
  6 vampire magi
  8 spriggan berserkers
  Urug (Lair:2)
  2 spectral storm dragons (Depths:3)
  A thrashing horror (Abyss:1)
  A titan zombie (Depths:3)
  2 soul eaters (Swamp:4)
  A titan skeleton (Vaults:3)
  20 hell knights
  Nergalle (D:10)
  A wretched star (Abyss:1)
  6 skeletal warriors
  6 iron trolls
  A quicksilver dragon simulacrum (Depths:3)
  A fire crab (shapeshifter) (Depths:1)
  6 goliath frogs
  A death drake (Swamp:4)
  8 pharaoh ants
  4 flayed ghosts
  4 sun moths
  12 orb spiders
  2 sixfirhies (Swamp:4)
  5 spriggan druids
  6 steelbarb worms
  A golden dragon skeleton (Depths:3)
  5 glowing orange brains
  5 bog bodies
  A spectral iron dragon (Depths:3)
  5 swamp dragons
  42 deep trolls
  16 lindwurms
  A phantasmal warrior (Vaults:4)
  10 wizards
  A tengu zombie (Abyss:1)
  14 ironbound convokers
  9 orc knights
  5 necromancers
  A deep elf zephyrmancer (Swamp:4)
  44 ugly things
  15 wolf spiders
  A sphinx zombie (Abyss:1)
  A wolf spider zombie (D:13)
  4 orc sorcerers
  6 will-o-the-wisps
  A faun (shapeshifter) (D:15)
  10 manticores
  4 moths of wrath
  A tengu skeleton (Vaults:2)
  7 cyclopes
  A salamander (shapeshifter) (Depths:2)
  A fire giant skeleton (Depths:1)
  9 vault sentinels
  3 black mambas
  7 centaur zombies
  11 elephants
  A naga zombie (Abyss:1)
  A frost giant skeleton (Vaults:3)
  A rust devil (Abyss:1)
  An orange demon (Abyss:1)
  A torpor snail (shapeshifter) (Depths:1)
  7 torpor snails
  A smoke demon (Abyss:1)
  A yaktaur zombie (Vaults:3)
  10 rime drakes
  A gargoyle (D:12)
  3 centaur skeletons
  9 demonic crawlers
  14 cane toads
  An unseen horror (D:11)
  A spark wasp simulacrum (Depths:1)
  2 tormentors (Depths:3)
  4 komodo dragons
  3 anaconda simulacra (Swamp:1)
  2 elf skeletons (Vaults:2)
  2 ancient zymes (Abyss:1)
  29 yaktaurs
  4 tengu conjurers
  A freezing wraith (Vaults:2)
  A golden dragon simulacrum (Abyss:1)
  9 trolls
  A bloated husk (Swamp:1)
  A shadow dragon simulacrum (Depths:3)
  A polar bear (Lair:4)
  Prince Ribbit (D:7)
  12 blink frogs
  26 tarantellas
  10 tyrant leeches
  15 hornets
  3 dream sheep (Lair:5)
  36 slime creatures
  A frost giant simulacrum (Depths:3)
  8 raiju (Abyss:1)
  2 meliai zombies (D:13)
  A fire giant simulacrum (Depths:3)
  32 jumping spiders
  A spriggan (shapeshifter) (D:15)
  5 small abominations (Abyss:1)
  A shadow (D:12)
  A centaur simulacrum (D:15)
  25 culicivoras
  13 water elementals
  3 wyverns
  12 spriggans
  5 chaos spawn
  A vampire (D:9)
  42 yaks
  A fire elemental (Abyss:1)
  A human simulacrum (Vaults:3)
  7 wraiths
  47 redbacks
  7 basilisks
  3 steam dragons
  7 vampire mosquitoes
  A glowing shapeshifter zombie (Depths:3)
  2 wargs (Orc:2)
  A minotaur simulacrum (Swamp:1)
  3 large abominations (Abyss:1)
  14 swamp worms
  8 water moccasins
  3 acid dragons
  2 floating eyes
  14 hell hounds
  2 swamp drakes
  A hornet zombie (D:13)
  A floating eye (shapeshifter) (Depths:3)
  36 orc warriors
  A sky beast (D:7)
  A black bear (shapeshifter) (D:13)
  3 ice beasts
  8 black bears
  18 boggarts
  15 wolves
  12 ogres
  7 centaurs
  2 phantoms (D:5)
  5 kobold brigands
  2 deep troll simulacra (Swamp:1)
  14 bullfrogs
  A glowing shapeshifter simulacrum (Depths:3)
  5 gnoll sergeants
  7 wights
  13 killer bees
  2 lindwurm simulacra (Swamp:1)
  6 electric eels
  9 howler monkeys
  A quasit (Abyss:1)
  3 jellies
  A gnoll bouda (D:3)
  15 orc priests
  5 hounds
  An iron imp (Abyss:1)
  10 iguanas
  17 orc wizards
  A boggart skeleton (D:15)
  19 gnolls
  9 adders
  2 shadow imps (D:5)
  3 white imps
  An ufetubus (D:6)
  2 worms (D:4)
  2 dart slugs (D:2)
  87 orcs
  6 ball pythons
  5 endoplasms
  3 giant cockroaches
  5 goblins
  7 hobgoblins
  4 jackals (D:4)
  14 kobolds
  3 quokkas
  9 bats
  6 frilled lizards
  4 rats
  2 briar patches (Swamp:4)
1560 creatures vanquished.

Vanquished Creatures (collateral kills)
  A fenstrider witch (Swamp:4)
  An eleionoma (Swamp:1)
  A rakshasa (Depths:2)
  A boulder beetle (Vaults:2)
  2 alligators (Swamp:1)
  A goliath frog (Swamp:1)
  A komodo dragon (Lair:5)
  A polar bear (Lair:5)
  2 yaks (Lair:5)
  3 wolves (Lair:5)
  An adder (D:3)
  An endoplasm (D:3)
16 creatures vanquished.

Vanquished Creatures (others)
  Mara (Depths:2)
  A lich (Depths:2)
  Frances (Swamp:2)
  A fire dragon (Depths:2)
  A blizzard demon (Swamp:4)
  A hydra (Swamp:2)
  2 deep troll earth magi (Depths:2)
  2 alligators (Swamp:2)
  4 spriggan berserkers
  2 hell knights (Depths:2)
  A deep troll (Depths:4)
  5 humans (D:13)
  A redback (Spider:3)
  A bullfrog (D:6)
  A bush (Depths:2)
  18 foxfires
  31 fungi
  43 plants
  7 starspawn tentacles (Depths:2)
  10 withered plants (D:13)
134 creatures vanquished.

Grand Total: 1710 creatures vanquished

Notes
Turn   | Place    | Note
-------+----------+-------------------------------------------
     0 | Abyss:1  | Ajdolov the Ghoul Abyssal Knight began the quest for the
                  | Orb.
     0 | Abyss:1  | Reached XP level 1. HP: 19/19 MP: 1/1
     1 | D:1      | Escaped the Abyss
   277 | D:1      | Found a faded altar of an unknown god.
   329 | D:1      | Reached XP level 2. HP: 26/26 MP: 2/2
  1114 | D:2      | Reached XP level 3. HP: 31/31 MP: 3/3
  1338 | D:2      | Reached *** piety under Lugonu
  1751 | D:3      | Identified the +0 ring mail of the Wasteland {Dex+4}
  2000 | D:3      | Reached XP level 4. HP: 38/38 MP: 4/4
  2037 | D:3      | Noticed a black bear
  2071 | D:3      | Killed a black bear
  2072 | D:3      | Reached XP level 5. HP: 29/45 MP: 5/5
  2421 | D:2      | Reached skill level 5 in Polearms
  2951 | D:4      | Reached XP level 6. HP: 46/51 MP: 6/6
  3167 | D:4      | Found a sparkling altar of Nemelex Xobeh.
  3428 | D:3      | Reached **** piety under Lugonu
  4420 | D:5      | Entered Level 5 of the Dungeon
  4723 | D:5      | Reached XP level 7. HP: 57/57 MP: 7/7
  4909 | D:5      | Found a staircase to the Ecumenical Temple.
  5857 | D:6      | Found Jiussio's Neck Hole.
  5895 | D:6      | Reached XP level 8. HP: 63/63 MP: 10/10
  6255 | D:6      | Found a radiant altar of Vehumet.
  6257 | D:6      | Noticed a shadow
  6257 | D:6      | Noticed a gargoyle
  6263 | D:6      | Found a transporter.
  6267 | D:6      | Noticed a kobold demonologist
  6270 | D:6      | Found a transporter.
  6616 | D:6      | Got the Discourse on Lightning
  6640 | D:6      | Reached skill level 5 in Invocations
  7159 | D:7      | Noticed Prince Ribbit
  7560 | D:7      | Found a flagged portal.
  7670 | Bailey   | Entered a bailey
  8086 | Bailey   | Noticed an orc knight
  8116 | Bailey   | Noticed an orc knight
  8127 | Bailey   | Banished an orc knight
  8128 | Bailey   | Reached XP level 9. HP: 70/70 MP: 7/12
  8476 | Bailey   | Banished an orc knight
  8477 | Bailey   | Reached skill level 10 in Polearms
  8788 | Bailey   | Noticed an orc knight
  8794 | Bailey   | Banished an orc knight
  9036 | D:7      | Identified the +0 leather armour of the Saviour {Dex+2}
  9062 | D:7      | Reached XP level 10. HP: 77/77 MP: 14/14
  9613 | D:7      | Killed Prince Ribbit
  9660 | D:8      | Reached skill level 11 in Fighting
  9660 | D:8      | Reached XP level 11. HP: 99/103 MP: 16/16
  9661 | D:8      | Reached XP level 12. HP: 106/110 MP: 17/17
  9662 | D:8      | Reached XP level 13. HP: 112/116 MP: 18/18
 10070 | D:8      | Identified the +7 trident "Fonuigich" {protect, Fragile
                  | rElec rF+ Dex+2}
 10801 | D:9      | Found a staircase to the Lair.
 10915 | D:9      | Reached skill level 10 in Invocations
 11014 | D:9      | Reached skill level 12 in Fighting
 11745 | D:9      | Reached ***** piety under Lugonu
 12041 | D:9      | Identified the +6 war axe "Ihimeh" {drain, rPois rN+}
 12148 | D:9      | Found a staircase to the Orcish Mines.
 12196 | D:10     | Entered Level 10 of the Dungeon
 12245 | D:10     | Found an ornate altar of the Wu Jian Council.
 12353 | D:10     | Reached skill level 10 in Armour
 12367 | D:10     | Reached skill level 1 in Throwing
 12410 | D:10     | Noticed Nergalle
 12431 | D:10     | Killed Nergalle
 12734 | D:10     | Found a basalt altar of Yredelemnul.
 13193 | D:10     | Found an opulent altar of Gozag.
 13194 | D:10     | Found a shadowy altar of Dithmenos.
 13634 | D:11     | Reached XP level 14. HP: 126/126 MP: 20/20
 14029 | D:11     | Reached skill level 5 in Throwing
 14715 | Lair:1   | Entered Level 1 of the Lair of Beasts
 15929 | Lair:2   | Found a hole to the Spider Nest.
 16466 | Lair:2   | Noticed Urug
 16479 | Lair:2   | Killed Urug
 17029 | Lair:3   | Reached skill level 10 in Throwing
 17838 | Lair:3   | Found a staircase to the Swamp.
 19367 | Lair:4   | Found a staircase to the Slime Pits.
 19368 | Lair:4   | Found a viscous altar of Jiyva.
 19471 | Lair:4   | Reached XP level 15. HP: 131/132 MP: 21/21
 19485 | Lair:4   | Reached skill level 1 in Evocations
 19502 | Lair:4   | Reached ****** piety under Lugonu
 19566 | Lair:5   | Entered Level 5 of the Lair of Beasts
 20205 | Lair:5   | HP: 1/132 [death yak (16)]
 20617 | Lair:5   | Reached skill level 5 in Evocations
 22683 | Orc:1    | Entered Level 1 of the Orcish Mines
 23017 | Orc:2    | Entered Level 2 of the Orcish Mines
 23055 | Orc:2    | Found a staircase to the Elven Halls.
 23291 | Orc:2    | Noticed an orc warlord
 23324 | Orc:1    | Killed an orc warlord
 23705 | Orc:2    | Found Baacill's Book Shop.
 24377 | Orc:2    | Found Xaamec's General Store.
 24404 | Orc:2    | Bought a scroll of blinking for 90 gold pieces
 24404 | Orc:2    | Bought a potion of heal wounds for 60 gold pieces
 24552 | Orc:2    | Found Cetutz's Antique Armour Boutique.
 24571 | Orc:2    | Bought the +3 pair of gauntlets of War {Slay+5} for 1377
                  | gold pieces
 24571 | Orc:2    | Found the +3 pair of gauntlets of War {Slay+5}
 24667 | Orc:2    | Found Lebis's Antique Weapon Shop.
 25028 | Orc:2    | Bought a glowing cloak for 217 gold pieces
 25586 | D:12     | Reached XP level 16. HP: 139/139 MP: 21/23
 26714 | D:13     | Noticed Kirke
 26732 | D:12     | Killed Kirke
 26756 | D:13     | Noticed Jorgrun
 26777 | D:12     | Killed Jorgrun
 26972 | D:13     | Reached skill level 10 in Evocations
 27124 | D:12     | Identified a scroll of acquirement
 27296 | D:13     | Noticed Josephine
 27307 | D:13     | Killed Josephine
 28145 | D:13     | Identified the +0 pair of boots of Death Resistance {Harm
                  | *Corrode rC+}
 29237 | D:14     | Found a gate to the Vaults.
 29263 | D:14     | Found a sacrificial altar of Ru.
 29345 | D:14     | Noticed Snorg
 29354 | D:14     | Paralysed by a great orb of eyes for 3 turns
 29399 | D:14     | Killed Snorg
 30384 | D:14     | Found Puujosaz's Antique Weapon Shoppe.
 30489 | D:15     | Entered Level 15 of the Dungeon
 31498 | D:15     | Reached skill level 15 in Invocations
 31517 | D:15     | Reached XP level 17. HP: 148/148 MP: 27/27
 31517 | D:15     | Found a staircase to the Depths.
 31547 | D:15     | Noticed Nessos
 31578 | D:15     | Killed Nessos
 31885 | D:15     | Reached skill level 13 in Fighting
 31889 | D:15     | Identified the +1 chain mail of Pathakhlu {Regen+ rCorr}
 31901 | D:15     | Acquired a manual of Throwing
 31903 | D:15     | Acquired the +7 demon trident "Iser" {vamp, Dex+2}
 32517 | Swamp:1  | Entered Level 1 of the Swamp
 33659 | Swamp:1  | Reached skill level 14 in Fighting
 34484 | Swamp:2  | Reached skill level 1 in Shields
 35148 | Swamp:2  | Noticed a tentacled monstrosity
 35158 | Swamp:2  | Killed a tentacled monstrosity
 35284 | Swamp:2  | Noticed Frances
 35313 | Swamp:2  | Corrupted Swamp:2
 35318 | Swamp:2  | Killed Frances
 35615 | Swamp:3  | Reached skill level 5 in Shields
 36091 | Swamp:3  | Noticed megamayne420's ghost (journeyman HOMo)
 36097 | Swamp:3  | Found a bloodstained altar of Trog.
 36116 | Swamp:3  | Found a transporter.
 36119 | Swamp:3  | Found a transporter.
 36137 | Swamp:3  | Noticed Louise
 36165 | Swamp:3  | Killed Louise
 37278 | Spider:1 | Entered Level 1 of the Spider Nest
 37478 | Spider:1 | Found a transporter.
 37549 | Spider:1 | Noticed tensugalgo's ghost (adept DjHW)
 37550 | Spider:1 | Found a transporter.
 37675 | Spider:1 | Identified the +1 pair of gloves of the Ten Artisans {Harm}
 38603 | Spider:1 | Reached XP level 18. HP: 150/160 MP: 18/28
 38828 | Spider:2 | You fall into a shaft and drop 1 floor!
 38880 | Spider:3 | Noticed Arachne
 38908 | Spider:3 | Killed Arachne
 39043 | Spider:3 | Reached skill level 10 in Shields
 41844 | Spider:4 | Entered Level 4 of the Spider Nest
 43980 | Spider:4 | Reached XP level 19. HP: 117/167 MP: 10/29
 44272 | Spider:4 | Got a gossamer rune of Zot
 44751 | Swamp:4  | Entered Level 4 of the Swamp
 45941 | Swamp:4  | Reached skill level 15 in Armour
 46925 | Swamp:4  | Noticed a tentacled monstrosity
 46952 | Swamp:4  | Killed a tentacled monstrosity
 47774 | Swamp:4  | Got a decaying rune of Zot
 48433 | Vaults:1 | Entered Level 1 of the Vaults
 48976 | Vaults:1 | You fall into a shaft and drop 1 floor!
 49376 | Vaults:1 | Found Uptoxi Ybau's Jewellery Emporium.
 49822 | Vaults:1 | Reached XP level 20. HP: 160/174 MP: 23/30
 50749 | Vaults:2 | Noticed Asterion
 50771 | Vaults:2 | Killed Asterion
 51160 | Vaults:2 | Noticed Nikola
 51510 | Vaults:2 | Killed Nikola
 51541 | Vaults:2 | Reached skill level 15 in Shields
 51818 | Vaults:2 | Reached skill level 15 in Throwing
 52107 | Vaults:2 | Reached skill level 1 in Dodging
 52612 | Vaults:3 | Found Fuidam's Assorted Antiques.
 52763 | Vaults:3 | Found a flickering gateway to a bazaar.
 52781 | Bazaar   | Entered a bazaar
 52781 | Bazaar   | Found Othrusoyx's General Store.
 52781 | Bazaar   | Found Hacvouloa's Antique Armour Emporium.
 52783 | Bazaar   | Found Duistuwa's General Store.
 52789 | Bazaar   | Bought a potion of curing for 21 gold pieces
 52789 | Bazaar   | Bought a potion of ambrosia for 56 gold pieces
 52793 | Bazaar   | Bought a scroll of magic mapping for 60 gold pieces
 52799 | Bazaar   | Found Sulah's Antique Armour Emporium.
 52807 | Bazaar   | Bought a runed helmet for 225 gold pieces
 52818 | Bazaar   | Bought a wand of mindburst (3) for 29 gold pieces
 52818 | Bazaar   | Bought a lightning rod (4/4) for 210 gold pieces
 52823 | Bazaar   | Bought a wand of charming (5) for 96 gold pieces
 52823 | Bazaar   | Bought a potion of attraction for 24 gold pieces
 53137 | Vaults:3 | Reached skill level 5 in Dodging
 53195 | Vaults:3 | Noticed a bone dragon
 53225 | Vaults:3 | Killed a bone dragon
 53231 | Vaults:3 | Found a staircase to the Crypt.
 53341 | Vaults:3 | Identified the +1 robe of the Sturgeon {Int+4 Archmagi}
 53371 | Vaults:3 | Reached XP level 21. HP: 107/181 MP: 17/31
 53523 | Vaults:3 | Bought a scroll of teleportation for 84 gold pieces
 53977 | Vaults:3 | Found Ehio's Book Shop.
 56268 | Vaults:4 | Reached skill level 10 in Dodging
 56441 | Vaults:4 | Found Zodeor's Jewellery Shop.
 57042 | Depths:1 | Entered Level 1 of the Depths
 57491 | Depths:1 | Paralysed by a floating eye for 3 turns
 57632 | Depths:1 | Reached skill level 15 in Fighting
 57756 | Depths:1 | Identified the +2 falchion of the Bespelling Firefly
                  | {freeze, *Rage rF+ Will+ Int+3}
 57788 | Depths:1 | Found a one-way gateway to a ziggurat.
 58079 | Depths:1 | Found a gateway to Hell.
 58337 | Depths:1 | Paralysed by a floating eye for 3 turns
 59916 | Vaults:1 | Bought an amulet of reflection for 450 gold pieces
 60396 | Depths:2 | Noticed Vv
 60417 | Depths:2 | Corrupted Depths:2
 60428 | Depths:2 | HP: 5/187 [fire dragon/blast of flame (12)]
 60463 | Depths:2 | Killed Mara
 60589 | Depths:2 | Reached XP level 22. HP: 122/194 MP: 32/32
 60819 | Depths:2 | Reached skill level 16 in Fighting
 60910 | Depths:2 | Killed Vv
 60936 | Depths:2 | Identified a +7 demon trident of distortion (a +5 demon
                  | trident of venom corrupted by Lugonu)
 60936 | Depths:2 | Received a gift from Lugonu
 61285 | Depths:2 | HP: 9/196 [living spell/crystal spear[a walking crystal
                  | tome] (58)]
 61564 | Depths:2 | Identified the +9 mace of Attainder {vorpal, rN+}
 62060 | Depths:2 | Found Todytyqu's Jewellery Boutique.
 62061 | Depths:2 | Found Ocilo Adgh's Book Shoppe.
 62062 | Depths:2 | Found Gumaj's Jewellery Boutique.
 62204 | Depths:3 | Reached skill level 17 in Fighting
 62490 | Depths:3 | Paralysed by a floating eye for 4 turns
 62786 | Depths:3 | Found an ancient bone altar of Kikubaaqudgha.
 63480 | Depths:3 | Got the Collected Works on Sepulchral Poison
 63896 | Depths:3 | Found a corrupted altar of Lugonu.
 63897 | Depths:3 | Found a one-way gate to the infinite horrors of the Abyss.
 64130 | Depths:4 | Entered Level 4 of the Depths
 64169 | Depths:4 | Found Cafem's Jewellery Boutique.
 64197 | Depths:4 | Reached skill level 18 in Fighting
 64777 | Abyss:1  | Reached XP level 23. HP: 53/210 MP: 33/33
 65326 | Depths:4 | Escaped the Abyss
 65397 | Depths:4 | HP: 8/211 [sphinx/divine providence (14)]
 65402 | Depths:4 | HP: 7/211 [sphinx/divine providence (16)]
 65853 | Depths:4 | Found a gate to the Realm of Zot.
 65887 | Depths:4 | Reached skill level 19 in Fighting
 66060 | Depths:4 | Noticed Boris
 66072 | Depths:4 | Killed Boris
 66134 | Depths:4 | Found Fehoaz's Weapon Emporium.
 66227 | Depths:4 | Found Joecrub's Distillery.
 66232 | Depths:4 | Bought a potion of might for 52 gold pieces
 66232 | Depths:4 | Bought a potion of curing for 39 gold pieces
 66232 | Depths:4 | Bought a potion of haste for 130 gold pieces
 66232 | Depths:4 | Bought a potion of might for 52 gold pieces
 66232 | Depths:4 | Bought a potion of invisibility for 104 gold pieces
 66232 | Depths:4 | Bought a potion of curing for 39 gold pieces
 66232 | Depths:4 | Bought a potion of resistance for 130 gold pieces
 66252 | Depths:4 | Noticed Mennas
 66303 | Depths:4 | Slain by Mennas

Illustrated notes

Levels and vault maps discovered:
D:1:      dpeg_arrival_chambers_temple_mockup, layout_basic,
          shapermc_ecumenical_altar_flowoftime
D:2:      layout_loops_cross, hex_tiny, minmay_tromino_v4_c
D:3:      layout_basic, chequers_decorated_corner
D:4:      layout_rooms, nemelex_diamond_rough_becter, st_stairs_3
D:5:      layout_cave_pools, minmay_temple_entry_large_hall
D:6:      layout_basic, gammafunk_temple_overflow_arena,
          nicolae_shop_sticking_my_neck_out
D:7:      minmay_angry_zag, layout_loops_ring, enter_bailey_8,
          uniq_prince_ribbit1
D:8:      layout_cave_pods
D:9:      minmay_tri_box, layout_rooms, erik_lair_island,
          kennysheep_orc_monster_closet_entryway
D:10:     layout_loops_corners, elyvilon_altar_5,
          nicolae_overflow_hidden_temple, uniq_nergalle
D:11:     layout_roguey, minivault_28
D:12:     layout_big_octagon
D:13:     layout_basic, serial_undead, serial_undead_a, serial_undead_b,
          serial_undead_d, serial_undead_f, serial_undead_b, serial_undead_f,
          serial_undead_e, dk_noncrumbling_3, minivault_19,
          minmay_rotating_lava, uniq_jorgrun, uniq_josephine, uniq_kirke
D:14:     layout_cave_pods, david_vaults_2, nicolae_ru_awakened_eye,
          serial_shops, kennysheep_mini, uniq_snorg
D:15:     gammafunk_enter_depths_forms, layout_loops_ring, minmay_misc_feat_x,
          hangedman_weighted_door, amethyst_killhole, uniq_nessos
Lair:1:   layout_cave_pods, beast_lair_carwin_8, lemuel_fruit_fields
Lair:2:   cheibrodos_lair_river_kwai, layout_long_grid, dummy_spider_entry,
          uniq_urug
Lair:3:   layout_cellular_growth, palyth_hydra_swamp_entry, wad_woods_river_04
Lair:4:   layout_concentric_octagons, slime_entry_1
Lair:5:   guppyfry_lair_end_dragon, layout_cave_pods, hangedman_lair_in_review
Swamp:1:  layout_basic_swamp, portal_ice_cave_entry_ice_simulacra,
          evilmike_swamp_ruin_wall, nicolae_swamp_big_swirl
Swamp:2:  layout_falls_marsh, evilmike_swamp_ruin_house_6, swamp_pool2,
          uniq_frances
Swamp:3:  layout_falls_marsh, gammafunk_ghost_wrathful_warriors,
          evilmike_swamp_ruin_house_2, infiniplex_staircase_pool, uniq_louise
Swamp:4:  nzn_swamp_witches_coven, layout_basic_swamp
Spider:1: layout_chambers, gammafunk_ghost_arena
Spider:2: layout_cave_pods
Spider:3: layout_spider_delve, hangedman_spider_tarantella_strand, uniq_arachne
Spider:4: johnstein_spider_rune_arachne_lair
Orc:1:    minmay_goldmine, layout_diamond_mine, basic_altar
Orc:2:    grunt_orc_gardens, layout_diamond_mine, grunt_orc_garden,
          grunt_orc_garden, grunt_orc_garden, grunt_orc_garden
Vaults:1: vaults_room_pools, v_misc_5, v_alt_pattern_5, v_misc_8, v_rooms_3,
          v_misc_25, vaults_mumra_chevron_long, hangedman_vaults_stitches,
          layout_vaults_omnicross, serial_shops, nicolae_square_shop
Vaults:2: infiniplex_enter_wizlab_glasses, hangedman_vaults_variations,
          ontoclasm_vaults_decontamination, vaults_mumra_minichess,
          nicolae_vaults_border_crossing, ontoclasm_vaults_twist, v_pattern_2,
          grunt_vaults_diagonal, layout_vaults_big_room, uniq_asterion,
          uniq_nikola
Vaults:3: nicolae_vaults_circle_grid_a, minmay_crypt_entry_nasty_monster,
          vaults_room_ringed_pool, vaults_room_door_hall,
          nicolae_vaults_little_squares_6, nicolae_vaults_alarming,
          layout_vaults_omnigrid, serial_shops, bzr_entry_islet, shop, shop
Vaults:4: ontoclasm_vaults_water_temple, hangedman_vaults_stagger,
          vaults_mumra_chevron, v_alt_pattern_6, nicolae_vaults_asterisk,
          hangedman_vaults_snaps, vaults_room_semicircle,
          hangedman_vaults_restitches, grunt_vaults_trifunnel,
          nicolae_vaults_asterisk, vaults_room_corners,
          nicolae_vaults_ring_of_whatevers, vaults_room_stairs_pillars,
          layout_vaults_omnibox, serial_shops, shop_fountains
Depths:1: minmay_ambush_box, layout_gridlike, enter_ziggurat_b,
          hangedman_coc_ice_floe, roderic_lattice_a, grunt_tough_drop
Depths:2: minmay_the_grid_octo_tiled_squarecenter_mashed
          [minmay_the_grid_octo_toaster, minmay_the_grid_octo_chip,
          minmay_the_grid_octo_fan_narrow, minmay_the_grid_octo_pinwheel,
          minmay_the_grid_square_5x5_megaprize_checkered,
          minmay_the_grid_square_5x5_n, minmay_the_grid_square_5x5_six,
          minmay_the_grid_square_5x5_six_small,
          minmay_the_grid_square_5x5_dogpile], layout_twisted_cross, hell_entry,
          rand_demon_pan_entry_1, serial_glass, glass_columns_b,
          glass_columns_a, minmay_staircase_windowed_small, minmay_shop_grove,
          uniq_mara, uniq_vv
Depths:3: evilmike_negative_zone, layout_gridlike,
          chequers_serial_rivers_large_b, abyss_entry_flame_altar, hell_entry,
          infiniplex_staircase_pool_2
Depths:4: evilmike_zot_entry_diamond, layout_basic, serial_shops, shop_statue,
          nicolae_shop_bloodbath_and_beyond, shop, nicolae_inconvenience_store,
          pf_hell_entry_great_geh, uniq_mennas, uniq_boris

Skill      XL: |  1  2  3  4  5  6  7  8  9 10 11 12 13 14 15 16 17 18 19 20 21 22 23 |
---------------+----------------------------------------------------------------------+-----
Polearms       | 2 3 4 5 6 7 9 11 13 14 | 14.0
Invocations    | 4 6 7 8 10 15 | 15.0
Fighting       | 11 12 14 15 18 19 | 19.1
Armour         | 7 10 13 15 17 18 | 18.0
Throwing       | 4 11 12 13 16 | 16.0
Evocations     | 9 10 | 10.0
Shields        | 8 10 13 15 | 15.0
Dodging        | 5 10 | 10.0

Action                   |  1- 3 |  4- 6 |  7- 9 | 10-12 | 13-15 | 16-18 | 19-21 | 22-24 || total
-------------------------+-------+-------+-------+-------+-------+-------+-------+-------++-------
Melee: Spear             |   122 |   157 |       |       |       |       |       |       ||   279
       Punch             |     3 |     2 |       |     3 |    34 |     6 |       |       ||    48
       Trident           |       |    57 |   420 |    58 |  2329 |   793 |       |       ||  3657
       Demon trident     |       |       |       |       |       |  1654 |  2626 |  1151 ||  5431
Throw: Javelin           |       |     4 |     2 |       |     2 |     2 |     5 |       ||    15
       Boomerang         |       |     7 |     1 |       |     2 |    17 |    22 |    16 ||    65
       Dart              |       |       |    13 |       |    14 |    10 |     6 |       ||    43
       Throwing net      |       |       |       |       |       |       |     2 |       ||     2
Invok: Banish            |       |       |     7 |       |     6 |       |     6 |     1 ||    20
       Corrupt           |       |       |       |       |       |     1 |     1 |       ||     2
       Bend Space        |       |       |       |       |       |       |       |     1 ||     1
       Enter the Abyss   |       |       |       |       |       |       |       |     1 ||     1
       Brand Weapon With |       |       |       |       |       |       |       |     1 ||     1
Evoke: Wand              |       |     1 |     1 |       |       |     1 |     6 |    18 ||    27
       Phial of floods   |       |       |       |       |     1 |       |     3 |     1 ||     5
       Phantom mirror    |       |       |       |       |       |     1 |     3 |     2 ||     6
       Tin of tremorston |       |       |       |       |       |       |     2 |     2 ||     4
  Use: Scroll            |       |       |     7 |    14 |    14 |     7 |    12 |     8 ||    62
       Potion            |       |       |       |     3 |     5 |     5 |    11 |    23 ||    47
 Stab: Petrified         |       |       |       |       |     1 |       |       |       ||     1
       Distracted        |       |       |       |       |       |     1 |     1 |       ||     2
       Invisible         |       |       |       |       |       |       |     1 |     1 ||     2
       Held in net/web   |       |       |       |       |       |       |     1 |       ||     1
       Petrifying        |       |       |       |       |       |       |       |     1 ||     1
Armor: Leather armour    |    12 |       |       |       |       |       |       |       ||    12
       Ring mail         |    16 |    62 |     6 |       |       |       |       |       ||    84
       Plate armour      |       |       |   157 |    30 |  1286 |  1676 |  1419 |   501 ||  5069
       Storm dragon scal |       |       |       |       |       |       |    12 |       ||    12
Dodge: Dodged            |    48 |   131 |   147 |    20 |   687 |   571 |   550 |   202 ||  2356
Block: Buckler           |       |       |       |       |       |   305 |    87 |       ||   392
       Kite shield       |       |       |       |       |       |       |   998 |   624 ||  1622
       Reflection        |       |       |       |       |       |       |       |     3 ||     3

Table legend: (Time is in decaauts)
 A = Elapsed time spent in this place.
 B = Non-inter-level travel time spent in this place.
 C = Inter-level travel time spent in this place.
 D = Time resting spent in this place.
 E = Time spent auto-exploring this place.
 F = Levels seen in this place.
 G = Mean time per level.
                   A        B        C        D        E       F      G
               +--------+--------+--------+--------+--------+-----+--------+
         Total |  63798 |  59458 |   4340 |   9016 |  36194 |  42 | 1519.0 |
       Dungeon |  21375 |  19587 |   1788 |   3150 |  12290 |  15 | 1425.0 |
          Lair |   8125 |   7277 |    848 |    451 |   5315 |   5 | 1625.0 |
         Swamp |   7841 |   7433 |    408 |   1718 |   4075 |   4 | 1960.2 |
   Spider Nest |   6962 |   6544 |    418 |    723 |   4126 |   4 | 1740.5 |
  Orcish Mines |   2270 |   2103 |    167 |    229 |   1305 |   2 | 1135.0 |
        Vaults |   8029 |   7449 |    580 |   1198 |   3921 |   4 | 2007.2 |
        Depths |   7403 |   7274 |    129 |    933 |   4734 |   4 | 1850.8 |
         Abyss |    581 |    581 |      0 |     33 |    224 |   2 |  290.5 |
        Bazaar |     51 |     51 |      0 |      0 |     22 |   1 |   51.0 |
        Bailey |   1156 |   1156 |      0 |    578 |    181 |   1 | 1156.0 |
               +--------+--------+--------+--------+--------+-----+--------+

Top non-repeatable levels by time:
  Lair:5: 2841 daAuts
Spider:4: 2590 daAuts
 Swamp:4: 2578 daAuts
    D:15: 2443 daAuts
 Swamp:3: 2289 daAuts
Depths:1: 2109 daAuts
Vaults:1: 2095 daAuts
Vaults:3: 2061 daAuts
Vaults:2: 2041 daAuts
Depths:3: 1993 daAuts
Depths:2: 1912 daAuts
    D:12: 1910 daAuts
    D:13: 1875 daAuts
Vaults:4: 1831 daAuts
 Swamp:1: 1805 daAuts
